 Dungeon Crawl Stone Soup version 0.29.1-1-gd02db6906a (webtiles) character file.

Game seed: 5055719114297639444

21 MisterFreud the Twirler (level 3, 0/27 HPs)
             Began as a Formicid Gladiator on Oct 13, 2022.
             Slain by a jelly (1 damage)
             ... on level 2 of the Dungeon.
             The game lasted 00:00:52 (907 turns).

MisterFreud the Twirler (Formicid Gladiator)         Turns: 907, Time: 00:00:52

Health: 0/27       AC: -7    Str: 20    XL:     3   Next: 5%
Magic:  3/3        EV: 11    Int:  7    God:
Gold:   17         SH:  0    Dex: 15    Spells: 2/2 levels left

rFire   . . .      SeeInvis +   a - +0 quarterstaff
rCold   . . .      Faith    .   (no shield)
rNeg    . . .      Spirit   .   i - +0 ring mail
rPois   .          Reflect  .   (helmet unavailable)
rElec   .          Harm     .   (no cloak)
rCorr   .          Rampage  .   (no gloves)
Will    .....                   (no boots)
Stlth   +.........              (no amulet)
HPRegen 0.09/turn               (no ring)
MPRegen 0.08/turn               (no ring)

@: corroded
A: permanent stasis, dig shafts and tunnels, antennae 3, four strong arms
a: Dig, Shaft Self


You were on level 2 of the Dungeon.
You visited 1 branch of the dungeon, and saw 2 of its levels.

You collected 17 gold pieces.

Inventory:

Hand Weapons
 a - a +0 quarterstaff (weapon)
Missiles
 c - 3 throwing nets (quivered)
 d - a javelin
 e - 4 poisoned darts
Armour
 b - a +0 leather armour
 i - a +0 ring mail (worn)
Scrolls
 h - a scroll of vulnerability {unknown}
 j - a scroll of identify {unknown}
Potions
 f - 2 potions of haste {unknown}
 g - 2 potions of attraction {unknown}


   Skills:
 - Level 2.1 Fighting
 + Level 4.0 Staves
 - Level 2.0 Throwing
 - Level 2.6 Dodging


You had 2 spell levels left.
You didn't know any spells.
Your spell library was empty.

Dungeon Overview and Level Annotations

Branches:
Dungeon (1/15)

Altars:


Innate Abilities, Weirdness & Mutations

You cannot be hasted, slowed, berserked, paralysed or teleported.
You can dig through walls and to a lower floor.
You have a pair of large antennae on your head. (SInv)
Your four strong arms can wield two-handed weapons with a shield.


Message History

There is an open door here.
You sense a monster nearby.
A kobold comes into view. It is wielding a +0 short sword.
The kobold shouts!
A kobold is nearby!
A kobold is nearby!
You barely miss the kobold. The kobold closely misses you.
A kobold is nearby!
You sock the kobold!
You kill the kobold!
You see here a +0 short sword.
You open the door.
A jelly comes into view.
A jelly and 8 endoplasms come into view.
Found four items.
The endoplasm quivers. x5; The jelly quivers.
The endoplasm quivers. x3
There is an open door here.
There are monsters nearby!
You hit the jelly.
Your hands burn!
The jelly is lightly wounded.
The endoplasm hits the fungus.
The fungus begins to die.
The jelly hits you but does no damage.
There are monsters nearby!
You sock the jelly!
Your hands burn!
The jelly is almost dead.
The endoplasm hits the fungus.
The fungus begins to die.
The jelly hits you. The acid corrodes you!
You are splashed with acid.
You completely miss the jelly.
The jelly is almost dead.
The endoplasm freezes you.
You are frozen.
The jelly closely misses you.
You hit the jelly but do no damage. The acid corrodes you!
Your hands burn!
The jelly is almost dead.
The jelly hits you.
* * * LOW HITPOINT WARNING * * *
The acid corrodes you!
You are splashed with acid!
* * * LOW HITPOINT WARNING * * *
The endoplasm hits the fungus.
The fungus begins to die.
The endoplasm hits the fungus.
The fungus begins to die.
The jelly hits you.
You die...

..#
#.).....#
..#
#.......#
..#
#.......#
..#
#.......#
..#
####....#
..#
##..'....#
..#
#.########
..#
##..)...##
###
#######@#
...P.JJJJ#
..÷.JPJPJ#
...P.JJ..#
÷..÷JP.P.#
.P.......#
:..P.....#
##########


You could see 2 jellies and 8 endoplasms.

Vanquished Creatures
  An adder (D:2)
  2 endoplasms
  A hobgoblin (D:2)
  A quokka (D:2)
  A bat (D:2)
  7 kobolds (D:2)
  A rat (D:2)
14 creatures vanquished.

Vanquished Creatures (others)
  8 toadstools (D:2)
8 creatures vanquished.

Grand Total: 22 creatures vanquished

Notes
Turn   | Place    | Note
-------+----------+-------------------------------------------
     0 | D:1      | MisterFreud the Formicid Gladiator began the quest for the
                  | Orb.
     0 | D:1      | Reached XP level 1. HP: 16/16 MP: 1/1
    34 | D:1      | You fall into a shaft and drop 1 floor!
   353 | D:2      | Reached XP level 2. HP: 12/22 MP: 2/2
   773 | D:2      | Reached skill level 4 in Staves
   773 | D:2      | Reached XP level 3. HP: 17/27 MP: 3/3
   907 | D:2      | HP: 1/27 [acid (7)]
   907 | D:2      | Slain by a jelly

Illustrated notes

Levels and vault maps discovered:
D:1:      ldierk_walled_garden, layout_basic,
          dreamdust_ecumenical_altar_hidden_monk_grotto, hangedman_decor_push
D:2:      cheibrodos_fertilizer, layout_basic

Skill      XL: |  1  2 |
---------------+-------+-----
Staves         | 4 |  4.0
Fighting       | |  2.1
Throwing       | |  2.0
Dodging        | |  2.6

Action                   || total
-------------------------++-------
Melee: Quarterstaff      ||    46
 Abil: Shaft Self        ||     2
 Stab: Sleeping          ||     1
Armor: Leather armour    ||     6
       Ring mail         ||     8
Dodge: Dodged            ||    31
